 Dungeon Crawl Stone Soup version 0.29.0-11-gd7f09526c8 (webtiles) character file.

Game seed: 17778459923853692278

7 blackman the Sneak (level 1, -1/18 HPs)
             Began as a Demonspawn Delver on Sept 3, 2022.
             Succumbed to a scorpion's poison
             ... on level 5 of the Dungeon.
             The game lasted 00:01:31 (439 turns).

blackman the Sneak (Demonspawn Delver)               Turns: 439, Time: 00:01:32

Health: -1/18      AC:  3    Str: 12    XL:     1   Next: 91%
Magic:  1/1        EV: 11    Int: 11    God:
Gold:   59         SH:  0    Dex: 14    Spells: 0/0 levels left

rFire   . . .      SeeInvis .   h - +1 dagger (venom)
rCold   . . .      Faith    .   (no shield)
rNeg    . . .      Spirit   .   b - +0 leather armour
rPois   .          Reflect  .   (no helmet)
rElec   .          Harm     .   (no cloak)
rCorr   .          Rampage  .   (no gloves)
Will    .....                   (no boots)
Stlth   ++........              (no amulet)
HPRegen 0.06/turn               (no ring)
MPRegen 0.07/turn               (no ring)

@: lethally poisoned (-1 -> -22), hasted, very quick
A: no striking features
a: no special abilities


You were on level 5 of the Dungeon.
You visited 1 branch of the dungeon, and saw 1 of its levels.

You collected 59 gold pieces.

Inventory:

Hand Weapons
 a - a +0 hand axe
 h - a +1 dagger of venom (weapon)
Armour
 b - a +0 leather armour (worn)
 d - a +0 scale mail
Wands
 g - a wand of digging (3)
Scrolls
 c - a scroll of fog
 e - a scroll of fear
 i - a scroll of noise {unknown}
Potions
 f - a potion of haste


   Skills:
 - Level 3.0 Fighting
 + Level 2.4 Axes
 - Level 1.7 Dodging
 - Level 4.5 Stealth


You couldn't memorise any spells.
You didn't know any spells.
Your spell library was empty.

Dungeon Overview and Level Annotations

Branches:
Dungeon (5/15)
 Temple: D:4-7

Altars:


Message History

Key pressed, stopping explore.
Unknown command.
You see here a +0 scale mail.
d - a +0 scale mail You start removing your armour.
You continue taking off your +0 leather armour. x4
You finish taking off your +0 leather armour.
You start putting on your armour.
You continue putting on your +0 scale mail. x5
You finish putting on your +0 scale mail.
You start removing your armour.
You continue taking off your +0 scale mail. x4
You finish taking off your +0 scale mail.
You start putting on your armour.
You continue putting on your +0 leather armour. x5
You finish putting on your +0 leather armour.
A jelly comes into view.
The jelly moves out of view.
An iguana comes into view.
Found a yellow potion and a book of Geomancy.
A scorpion comes into view.
The scorpion stings you but does no damage.
The scorpion stings you.
You barely miss the scorpion. The scorpion stings you.
You are lethally poisoned!
The scorpion poisons you!
You hit the scorpion but do no damage.
The scorpion is poisoned.
You feel very sick. The scorpion barely misses you.
You hit the scorpion but do no damage.
The scorpion is moderately wounded.
You feel very sick.
The scorpion stings you but does no damage.
You feel yourself speed up.
You feel sick. The scorpion stings you.
* * * LOW HITPOINT WARNING * * *
You are more poisoned.
The scorpion poisons you!
You hit the scorpion but do no damage.
The scorpion looks as sick as possible!
The scorpion is heavily wounded.
You die...

*********#.#.##.#**,,,,,,*,,,,,,,
#.....!,,,,,,,,,,,,,,,*,
*###.....###*,,,,,*,,*,*,,,
*,......l..#*,,,,,*,,*,**,,
#.##.....#.#***,***,,*,****
#.##.....#.# *,* *,,*,*
#.##,#.###.# **,* *,,*,***
#.#.###.##s# *,,* *,,,,,,*
#.##.#.###@# *,** *,,,,,,*
#.##..## #.# *,* ****,*,*
#######.#.#.## #.# *,* *,*,*
.........###.###.# *,*******,*,*
#######.#.#.#.##.# *,,,,,,,,,*,*
#..........# *,*********,*
###.#.#.####**,*********,*
*........,,,,,,,,,,,,,,,,*
#.#######*,***,*,*********


You could see a scorpion (extremely poisoned).

Vanquished Creatures
  An ufetubus (D:5)
  An orc (D:5)
2 creatures vanquished.

Notes
Turn   | Place    | Note
-------+----------+-------------------------------------------
     0 | D:5      | blackman the Demonspawn Delver began the quest for the Orb.
     0 | D:5      | Reached XP level 1. HP: 18/18 MP: 1/1
    30 | D:5      | Noticed an iguana
   417 | D:5      | Noticed a jelly
   421 | D:5      | Noticed an iguana
   431 | D:5      | Noticed a scorpion
   439 | D:5      | Succumbed to a scorpion's poison

Illustrated notes

Levels and vault maps discovered:
D:5:      layout_loops_ring, mainiacjoe_overflow_six_doors_small,
          grunt_ministairs_5, uniq_prince_ribbit1

Skill      XL: |  1 |
---------------+----+-----
Axes           | 2 |  2.4
Fighting       | |  3.0
Dodging        | |  1.7
Stealth        | |  4.5

Action                   || total
-------------------------++-------
Melee: Dagger            ||     7
       Hand axe          ||     4
  Use: Scroll            ||     1
       Potion            ||     1
Armor: Leather armour    ||     4
Dodge: Dodged            ||     9
